 Dungeon Crawl Stone Soup version 0.20.1-1-g8b1a95d (webtiles) character file.

29026 vomix the Severer (level 13, 0/119 HPs)
             Began as a Minotaur Berserker on Aug 24, 2017.
             Was a High Priest of Trog.
             Slain by a death yak (16 damage)
             ... on level 5 of the Lair of Beasts.
             The game lasted 00:41:21 (16792 turns).

vomix the Severer (Minotaur Berserker)             Turns: 16792, Time: 00:41:22

Health: 0/119      AC: 29    Str: 29    XL:     13   Next: 12%
Magic:  0/16       EV: 14    Int:  4    God:    Trog [*****.]
Gold:   1390       SH:  0    Dex: 17    Spells: 12/12 levels left

rFire    x . .     SeeInvis .   a - +7 executioner's axe (freeze)
rCold    + . .     Gourm    .   (shield currently unavailable)
rNeg     + . .     Faith    .   C - +0 plate armour
rPois    .         Spirit   +   x - +2 hat of the Bear Spirit {Spirit, +Rage rN+ MR++}
rElec    +         Reflect  .   Z - +2 cloak {MR+}
rCorr    +         Harm     .   S - +2 pair of gloves of Pandemonium {rElec rF- Regen+ rCorr}
MR       +++..                  y - +0 pair of boots
Stlth    ..........             (no amulet)
Regen    0.7/turn               M - ring "Orocad" {AC+4 Str+6 Dex+3}
MPRegen  0.2/turn               v - ring of protection from cold

@: about to teleport, berserk cooldown, slowed, very slow
A: retaliatory headbutt, horns 2
a: Berserk, Trog's Hand, Brothers in Arms, Burn Spellbooks, Renounce Religion,
Evoke Berserk Rage


You were on level 5 of the Lair of Beasts.
You worshipped Trog.
Trog was extremely pleased with you.
You were hungry.

You visited 3 branches of the dungeon, and saw 17 of its levels.
You also visited: Ossuary and Ice Cave.

You collected 1390 gold pieces.

Inventory:

Hand Weapons
 a - a +7 executioner's axe of freezing (weapon)
 b - the +5 great mace "Ogrebane" {elec, rC+ rN+}
   (You found it on level 9 of the Dungeon)

   Occasionally, upon striking a foe, it will discharge some electrical energy
   and cause terrible harm.
   It protects you from cold.
   It protects you from negative energy.
Missiles
 T - 7 needles of frenzy
Armour
 k - a +3 ring mail of magic resistance
 n - a +1 pair of gloves
 x - the +2 hat of the Bear Spirit (worn) {Spirit, +Rage rN+ MR++}
   (You found it in an ice cave)

   It protects you from negative energy.
   It affects your resistance to hostile enchantments.
   It lets you go berserk.
 y - a +0 pair of boots (worn)
 C - a +0 plate armour (worn)
 S - the +2 pair of gloves of Pandemonium (worn) {rElec rF- Regen+ rCorr}
   (You found it in an ice cave)

   It makes you vulnerable to fire.
   It insulates you from electricity.
   It increases your rate of regeneration.
   It protects you from acid and corrosion.
 Z - a +2 cloak of magic resistance (worn)
Jewellery
 v - a ring of protection from cold (right hand)
 I - an uncursed ring of positive energy
 M - the ring "Orocad" (left hand) {AC+4 Str+6 Dex+3}
   (You found it on level 4 of the Lair of Beasts)

   [ring of protection]

   It affects your AC (+4).
   It affects your strength (+6).
   It affects your dexterity (+3).
 N - an uncursed ring of poison resistance
Wands
 G - a wand of lightning (0/15)
 H - a wand of iceblast (8/15)
 U - a wand of polymorph (7/24)
 Y - a wand of flame (16/48)
Scrolls
 g - 3 scrolls of amnesia {unknown}
 h - 10 scrolls of teleportation
 l - 2 scrolls of random uselessness {unknown}
 m - 4 scrolls of recharging
 p - a scroll of noise {unknown}
 r - 4 scrolls of enchant armour
 s - 4 scrolls of fog {unknown}
 u - 5 scrolls of remove curse
 B - a scroll of holy word {unknown}
 E - a scroll of blinking {unknown}
 F - a scroll of vulnerability {unknown}
 O - a scroll of acquirement {unknown}
 R - a scroll of summoning {unknown}
 X - a scroll of magic mapping
Potions
 d - 3 potions of agility
 e - 8 potions of mutation
 f - 8 potions of curing
 i - a potion of resistance
 q - 2 potions of ambrosia
 t - a potion of cancellation
 w - 3 potions of lignification
 z - 5 potions of berserk rage
 A - 2 potions of invisibility
 D - 2 potions of flight
 K - 3 potions of haste
 L - 2 potions of might
Books
 j - a book of Clouds

   Spells                             Type                      Level
   a - Poisonous Vapours              Poison/Air                   2
   b - Mephitic Cloud                 Conjuration/Poison/Air       3
   c - Conjure Flame                  Conjuration/Fire             3
   d - Freezing Cloud                 Conjuration/Ice/Air          6
   e - Ring of Flames                 Charms/Fire                  7
   Trog disapproves of the use of such an item.
Miscellaneous
 P - a phial of floods
Comestibles
 c - 10 bread rations
 J - 9 royal jellies
 V - 2 fruits


   Skills:
 - Level 12.8 Fighting
 - Level 16.3 Axes
 - Level 11.0 Armour
 - Level 10.1 Dodging
 + Level 5.3 Evocations


You had 12 spell levels left.
You didn't know any spells.

Dungeon Overview and Level Annotations

Branches:
Dungeon (10/15)            Temple (1/1) D:6            Lair (6/6) D:10
  Swamp (0/4) Lair:2       Spider (0/4) Lair:4
  Slime: Lair:5-6       Orc: D:9-12

Altars:
Ashenzari
Cheibriados
Dithmenos
Elyvilon
Fedhas
Gozag
Hepliaklqana
Kikubaaqudgha
Makhleb
Nemelex Xobeh
Okawaru
Qazlal
Ru
Sif Muna
Trog
Uskayaw
Vehumet
Xom
Yredelemnul
Zin
The Shining One
Jiyva

Shops:
D:6 =   D:7 :

Annotations:
Lair:6 1 runed door


Innate Abilities, Weirdness & Mutations

You reflexively headbutt those who attack you in melee.
You have a pair of horns on your head.


Message History

The death yak gores you but does no damage.
The death yak barely misses you. The death yak completely misses you.
The death yak closely misses you.
You slice the death yak!! You freeze the death yak.
Your headbutt misses the death yak.
The death yak is almost dead.
You slice the death yak!! You freeze the death yak! The death yak gores you!
* * * LOW HITPOINT WARNING * * *
The death yak gores you!
* * * LOW HITPOINT WARNING * * *
The death yak gores you.
* * * LOW HITPOINT WARNING * * *
You feel much better.
The death yak gores you but does no damage.
The death yak gores you!
* * * LOW HITPOINT WARNING * * *
The death yak gores you but does no damage.
As you read the scroll of teleportation, it crumbles to dust.
You feel strangely unstable. The death yak gores you!
You die...

.........<...#.....##............
............#.......#.........#.#
........#.#..........##..P....#.#
......##.##...........####..#.#..
......####...^....##....##..#....
.....P###...###.⌠.###...#.......#
......##...###....####........#..
.......#...# #...†.#.#...#...#.#.
#.......<.⌠# #..@Y.#..⌠.>........
P..........###...Y.###.......P..P
#.......#....#....###...#........
............###.⌠.###............
.........#........##...##........
.................................
...........#.........##..........
...#.#...#.##.......##..#........
...####..######...###....#.......


You could see 2 death yaks.

Vanquished Creatures
  2 hydras
  3 two-headed ogres
  5 death yaks
  2 unseen horrors (D:10)
  Pikel (D:7)
  An orb spider (Lair:4)
  A necromancer (IceCv)
  2 ice statues (IceCv)
  A torpor snail (Lair:4)
  4 spiny frogs
  2 rime drakes
  3 komodo dragons
  9 ice devils (IceCv)
  A queen bee (Lair:4)
  2 meliai (Lair:4)
  A tyrant leech (Lair:2)
  Grinder (D:3)
  4 blink frogs (Lair:2)
  6 hippogriffs
  A wyvern (Lair:5)
  18 yaks
  3 basilisks (Lair:2)
  3 wargs (D:10)
  3 water moccasins
  7 porcupines
  3 ice beasts
  A sky beast (D:9)
  2 slaves (D:7)
  5 ogres
  4 centaurs
  9 wolves (Lair:2)
  9 crocodiles
  An elf zombie (D:7)
  10 bullfrogs
  2 elf skeletons (D:7)
  A gnoll sergeant (D:10)
  3 scorpions
  16 killer bees
  A water moccasin skeleton (D:8)
  3 wights (D:6)
  7 howler monkeys
  3 electric eels (Lair:4)
  2 centaur zombies
  3 draconian simulacra (IceCv)
  A hound (D:8)
  A bullfrog zombie (D:10)
  3 crimson imps
  3 jellies
  8 orc wizards
  A centaur skeleton (D:9)
  4 orc priests
  A bullfrog skeleton (D:4)
  4 iguanas
  7 worker ants
  3 spriggan simulacra (IceCv)
  A big kobold zombie (Ossuary)
  A centaur simulacrum (IceCv)
  A hound skeleton (D:6)
  8 mummies (Ossuary)
  A howler monkey zombie (D:10)
  9 gnolls
  A worker ant zombie (D:7)
  9 adders
  3 naga simulacra (IceCv)
  2 shadow imps
  12 white imps (Lair:5)
  2 adder skeletons
  A worm (D:2)
  2 dart slugs
  7 leopard geckos
  17 orcs
  8 bats
  8 giant cockroaches
  2 gnoll zombies (Ossuary)
  10 goblins
  4 hobgoblins
  11 jackals
  5 kobolds
  7 quokkas
  3 frilled lizards
  3 hobgoblin zombies (Ossuary)
  A kobold zombie (Ossuary)
  2 leopard gecko skeletons
  2 orc skeletons (D:7)
  2 orc zombies
  6 rats
  4 fungi
  4 plants
366 creatures vanquished.

Vanquished Creatures (collateral kills)
  A hydra (Lair:5)
  An ice statue (IceCv)
  A meliai (Lair:4)
  4 yaks (D:10)
  A killer bee (Lair:4)
  An orc wizard (D:10)
  An iguana (D:10)
  A gnoll (D:10)
  2 orcs (D:10)
13 creatures vanquished.

Vanquished Creatures (others)
  A jackal (D:7)
1 creature vanquished.

Grand Total: 380 creatures vanquished

Notes
Turn   | Place    | Note
-------+----------+-------------------------------------------
     0 | D:1      | vomix the Minotaur Berserker began the quest for the Orb.
     0 | D:1      | Reached XP level 1. HP: 19/19 MP: 0/0
    82 | D:1      | Reached skill level 4 in Axes
   441 | D:1      | Reached XP level 2. HP: 24/26 MP: 1/1
   971 | D:2      | Reached skill level 5 in Axes
   992 | D:2      | Reached XP level 3. HP: 28/31 MP: 2/2
  1051 | D:2      | Reached ** piety under Trog
  1452 | D:2      | Reached skill level 6 in Axes
  1452 | D:2      | Reached XP level 4. HP: 34/39 MP: 3/3
  1629 | D:3      | Found a basalt altar of Yredelemnul.
  1949 | D:3      | Noticed Grinder
  1955 | D:3      | Killed Grinder
  1955 | D:3      | Reached skill level 8 in Axes
  1955 | D:3      | Reached XP level 5. HP: 34/45 MP: 4/4
  1955 | D:3      | Reached XP level 6. HP: 39/51 MP: 5/5
  2744 | D:4      | Noticed a hand axe
  2745 | D:4      | Noticed a dagger
  2746 | D:4      | Found a hide-covered altar of Uskayaw.
  2805 | D:5      | Entered Level 5 of the Dungeon
  2884 | D:5      | Reached skill level 9 in Axes
  2986 | D:5      | Noticed an ice beast
  2993 | D:5      | Killed an ice beast
  2993 | D:5      | Reached XP level 7. HP: 55/57 MP: 6/6
  3103 | D:5      | Reached skill level 10 in Axes
  3129 | D:5      | Reached *** piety under Trog
  3368 | D:5      | Found a bloodstained altar of Trog.
  3368 | D:5      | Found an ancient bone altar of Kikubaaqudgha.
  3904 | D:6      | Found Ilock's Jewellery Boutique.
  4002 | D:6      | Reached skill level 11 in Axes
  4078 | D:6      | Reached XP level 8. HP: 64/64 MP: 7/7
  4213 | D:6      | Reached skill level 12 in Axes
  4256 | D:6      | Found a staircase to the Ecumenical Temple.
  4265 | Temple   | Entered the Ecumenical Temple
  4859 | D:7      | Found an iron altar of Okawaru.
  4867 | D:7      | Reached skill level 13 in Axes
  4886 | D:7      | Found a white marble altar of Elyvilon.
  4959 | D:7      | Found Sunaekk's Book Shop.
  5069 | D:7      | Noticed Pikel
  5083 | D:7      | Killed Pikel
  5083 | D:7      | Reached skill level 14 in Axes
  5083 | D:7      | Reached XP level 9. HP: 7/70 MP: 8/8
  5208 | D:7      | Found a radiant altar of Vehumet.
  5212 | D:7      | Reached **** piety under Trog
  5309 | D:7      | Found a sand-covered staircase.
  5314 | Ossuary  | Entered an ossuary
  6043 | D:7      | Found a white marble altar of Elyvilon.
  6323 | D:8      | Reached skill level 15 in Axes
  6600 | D:8      | Found a deep blue altar of Sif Muna.
  6727 | D:8      | Noticed a two-headed ogre
  6735 | D:8      | Killed a two-headed ogre
  6735 | D:8      | Reached skill level 16 in Axes
  6735 | D:8      | Reached XP level 10. HP: 59/77 MP: 9/9
  6920 | D:8      | Noticed a two-headed ogre
  6930 | D:8      | Killed a two-headed ogre
  6930 | D:8      | Reached skill level 5 in Fighting
  7209 | D:9      | Reached ***** piety under Trog
  7218 | D:9      | Got an encrusted great mace
  7219 | D:9      | Identified the +5 great mace "Ogrebane" {elec, rC+ rN+} (You found it on level 9 of the Dungeon)
  7521 | D:9      | Got a dazzling hand axe
  7739 | D:9      | Found a blossoming altar of Fedhas.
  7942 | D:9      | Found a glowing golden altar of the Shining One.
  7943 | D:9      | Found a stormy altar of Qazlal.
  8004 | D:10     | Entered Level 10 of the Dungeon
  8050 | D:10     | Noticed a two-headed ogre
  8054 | D:10     | Killed a two-headed ogre
  8054 | D:10     | Reached skill level 10 in Fighting
  8266 | D:10     | Found a staircase to the Lair.
  8600 | D:10     | Reached XP level 11. HP: 64/102 MP: 10/10
  9173 | D:9      | Identified the +5 hand axe of the King {drain, rPois rC+} (You found it on level 9 of the Dungeon)
  9194 | D:10     | Killed an unseen horror
  9627 | D:10     | Killed an unseen horror
  9961 | Lair:1   | Entered Level 1 of the Lair of Beasts
 11155 | Lair:2   | Got a bone long sword
 11177 | Lair:2   | Received a gift from Trog
 11181 | Lair:2   | Identified the +8 long sword of Caahitwo {slice, Int+2} (You found it on level 2 of the Lair of Beasts)
 11269 | Lair:2   | Reached skill level 5 in Armour
 11273 | Lair:2   | Reached skill level 5 in Dodging
 12019 | Lair:2   | Found a staircase to the Swamp.
 12600 | Lair:3   | Reached XP level 12. HP: 84/113 MP: 11/11
 13879 | Lair:4   | Got a crude brass ring
 13881 | Lair:4   | Identified the ring "Orocad" {AC+4 Str+6 Dex+3} (You found it on level 4 of the Lair of Beasts)
 13892 | Lair:4   | Got a shimmering long sword
 13934 | Lair:4   | Identified the +9 long sword "Onudugga" {flame, rF+ Dex+4} (You found it on level 4 of the Lair of Beasts)
 14066 | Lair:4   | Noticed a six-headed hydra
 14072 | Lair:4   | Killed a six-headed hydra
 14330 | Lair:4   | Received a gift from Trog
 14618 | Lair:4   | Found a hole to the Spider Nest.
 14918 | Lair:4   | Identified Ruyl's Papyrus of Creative Transformation
 15163 | Lair:5   | Noticed a four-headed hydra
 15168 | Lair:5   | Killed a four-headed hydra
 15280 | Lair:5   | Reached skill level 10 in Armour
 15552 | Lair:5   | Found a frozen archway.
 15570 | IceCv    | Entered an ice cave
 15938 | IceCv    | Reached skill level 10 in Dodging
 16097 | IceCv    | Reached skill level 1 in Evocations
 16313 | IceCv    | Got a pair of crude gloves
 16341 | IceCv    | Identified the +2 pair of gloves of Pandemonium {rElec rF- Regen+ rCorr} (You found it in an ice cave)
 16764 | Lair:6   | Entered Level 6 of the Lair of Beasts
 16764 | Lair:6   | Found a runed door.
 16764 | Lair:6   | Found a viscous altar of Jiyva.
 16764 | Lair:6   | Noticed a death yak
 16764 | Lair:6   | Noticed a death yak
 16764 | Lair:6   | Noticed a death yak
 16764 | Lair:6   | Noticed a death yak
 16764 | Lair:6   | Noticed a four-headed hydra
 16769 | Lair:6   | Killed a four-headed hydra
 16770 | Lair:6   | Noticed a death yak
 16771 | Lair:6   | Noticed a death yak
 16771 | Lair:6   | Noticed a death yak
 16772 | Lair:6   | Noticed a death yak
 16773 | Lair:6   | Noticed a death yak
 16773 | Lair:6   | Killed a death yak
 16774 | Lair:6   | Killed a death yak
 16774 | Lair:6   | Reached XP level 13. HP: 119/119 MP: 11/15
 16779 | Lair:6   | Reached skill level 5 in Evocations
 16790 | Lair:5   | HP: 5/119 [death yak (15)]
 16792 | Lair:5   | Slain by a death yak

Skill      XL: |  1  2  3  4  5  6  7  8  9 10 11 12 13 |
---------------+----------------------------------------+-----
Axes           | 4 5 6 8 9 11 14 16 | 16.3
Fighting       | 11 12 | 12.8
Armour         | 7 11 | 11.0
Dodging        | 6 10 | 10.1
Evocations     | 4 5 |  5.3

Action                   |  1- 3 |  4- 6 |  7- 9 | 10-12 | 13-15 || total
-------------------------+-------+-------+-------+-------+-------++-------
Melee: Hand axe          |    88 |    77 |    75 |       |       ||   240
       Headbutt          |     8 |    18 |    57 |   104 |     8 ||   195
       War axe           |       |       |   184 |   127 |       ||   311
       Great mace        |       |       |       |   105 |       ||   105
       Executioner's axe |       |       |       |   216 |    12 ||   228
Invok: Berserk           |       |     3 |     7 |    12 |       ||    22
       Burn Spellbooks   |       |       |     1 |     1 |       ||     2
       Trog's Hand       |       |       |       |     3 |       ||     3
       Brothers in Arms  |       |       |       |     7 |       ||     7
Evoke: Wand              |       |       |     4 |    10 |       ||    14
  Use: Scroll            |       |       |    15 |     9 |     1 ||    25
       Potion            |       |       |     2 |     1 |     2 ||     5
  Eat: Chunk             |     2 |     6 |    13 |    16 |       ||    37
       Meat ration       |       |       |     2 |     2 |       ||     4
       Fruit             |       |       |       |     5 |       ||     5
       Royal jelly       |       |       |       |     6 |       ||     6
Armor: Animal skin       |     8 |       |       |       |       ||     8
       Ring mail         |    19 |    30 |    78 |    80 |       ||   207
       Plate armour      |       |       |       |   147 |    17 ||   164
Dodge: Dodged            |    54 |    30 |   107 |   245 |    11 ||   447
